 Dungeon Crawl Stone Soup version 0.31-a0-182-gc5ef74bbde (webtiles) character file.

Game seed: 17956376739471711412

1785 qw the Skirmisher (level 9, -6/79 (82) HPs)
             Began as a Naga Hunter on June 20, 2023.
             Mangled by a wight
             ... wielding a +1 dire flail
              (9 damage)
             ... on level 6 of the Dungeon.
             The game lasted 00:03:48 (6600 turns).

qw the Skirmisher (Naga Hunter)                     Turns: 6600, Time: 00:03:49

HP:   -6/79 (82)    AC: 14    Str: 21    XL:     9   Next: 8%
MP:   9/9           EV:  9    Int: 10    God:
Gold: 343           SH:  0    Dex: 21    Spells: 8/8 levels left

rFire   . . .        Y - +1 shortbow
rCold   + . .        (shield currently unavailable)
rNeg    . . .        o - +2 robe {Will+}
rPois   +            (no helmet)
rElec   .            p - +0 cloak
rCorr   .            (no gloves)
SInv    +            f - +3 barding of Thoughtfulness {rC+ Str+7 Dex+3 Stlth-}
Will    ++...        (no amulet)
Stlth   +            (no ring)
HPRegen 0.33/turn    (no ring)
MPRegen 0.11/turn

%: no passive effects
@: lightly drained, very slow
A: AC +3, large, see invisible, deformed body, poison resistance, slowness 2,
spit poison 1, naga tail 1
a: Spit Poison


You were on level 6 of the Dungeon.
You visited 1 branch of the dungeon, and saw 6 of its levels.

You collected 343 gold pieces.


Innate Abilities, Weirdness & Mutations

Your serpentine skin is tough. (AC +3)
You have supernaturally acute eyesight. (SInv)
Armour fits poorly on your strangely shaped body.
Your system is resistant to poisons. (rPois)
You cover ground very slowly.
You can spit poison.
You have a snake-like lower body.


   Skills:
 - Level 6.1 Fighting
 + Level 9.0 Ranged Weapons
 - Level 1.3 Armour
 - Level 3.3 Dodging
 - Level 1.5 Stealth


You had 8 spell levels left.
You didn't know any spells.
Your spell library was empty.

Inventory:

Hand Weapons
 Y - a +1 shortbow (weapon)
Armour
 f - the +3 barding of Thoughtfulness (worn) {rC+ Str+7 Dex+3 Stlth-}
   (You acquired it on level 2 of the Dungeon)

   Str:       It affects your strength (+7).
   Dex:       It affects your dexterity (+3).
   rC:        It protects you from cold.
   Stlth:     It makes you less stealthy.
 i - the +0 robe "Vaah" {Harm rElec Int+3 Slay+2}
   (You found it on level 3 of the Dungeon)

   Int:       It affects your intelligence (+3).
   Slay:      It affects your accuracy & damage with ranged weapons and melee
   (+2).
   rElec:     It insulates you from electricity.
   Harm:      It increases damage dealt and taken.
 o - a +2 robe of willpower (worn)
 p - a +0 cloak (worn)
Scrolls
 h - 4 scrolls of identify
Potions
 a - a potion of cancellation
 b - a potion of lignification {unknown}
 c - a potion of enlightenment {unknown}
 d - a potion of haste
 e - a potion of resistance
 g - 6 potions of curing
 l - a potion of mutation

Dungeon Overview and Level Annotations

Branches:
Dungeon (6/15)
 Temple: D:4-7

Altars:
Dithmenos
Gozag
Kikubaaqudgha
Makhleb
Nemelex Xobeh
Qazlal
Trog
Wu Jian
Yredelemnul
Zin

Annotations:
D:5 3 runed translucent doors, qw's ghost, novice GrFi


Message History

The wight hits you with a +2 great sword.
You feel drained.
You shoot an arrow. The arrow hits the wight!
You destroy the wight!
You shoot an arrow. The arrow hits the wight.
The wight is moderately damaged.
You shoot an arrow. The arrow closely misses the wight.
You shoot an arrow. The arrow barely misses the wight.
The wight hits you but does no damage.
You shoot an arrow. The arrow hits the wight.
The wight is heavily damaged.
The wight hits you with a +1 dire flail!
The wight hits you with a +4 flail!
You shoot an arrow.
The arrow hits the wight but does no damage.
The wight is heavily damaged.
The wight hits you with a +1 dire flail!
The wight hits you but does no damage.
You shoot an arrow. The arrow closely misses the wight.
The wight hits you with a +1 dire flail!
You feel drained. The wight closely misses you.
You shoot an arrow. The arrow hits the wight.
The wight is severely damaged.
The wight hits you but does no damage. The wight hits you with a +4 flail.
You shoot an arrow. The arrow hits the wight.
You destroy the wight!
The wight hits you with a +1 dire flail!
Your Fighting skill increases to level 6!
You shoot an arrow. The arrow hits the wight.
The wight is moderately damaged.
You shoot an arrow. The arrow closely misses the wight.
The wight misses you. x2
You shoot an arrow. The arrow hits the wight.
The wight is heavily damaged.
The wight barely misses you.
The wight hits you with a +0 short sword!
You feel drained.
You shoot an arrow. The arrow barely misses the wight.
The wight hits you with a +1 dire flail!
You die...

P7P7P7#######'######
## #.# .# #.# .# #.#
.# #.# .# #.# .#
#.##### ##########z#
#.....##
#[.......@z#
#.###...
#.########## #.#
#### #.# #.# #.# #.#
#.# #.# #.#
#########.# #.#
#.........# #.#
#.#########
#.#########.#


You could see 2 wights.

Vanquished Creatures
  3 black bears
  A sky beast (D:6)
  An ogre (D:5)
  3 kobold brigands
  A phantom (D:6)
  A bullfrog (D:6)
  A scorpion (D:5)
  2 wights (D:6)
  2 howler monkeys (D:5)
  An orc priest (D:4)
  4 hounds
  A sleepcap (D:4)
  5 iguanas
  An orc wizard (D:5)
  7 adders
  22 gnolls (D:5)
  A worm (D:2)
  3 dart slugs
  32 orcs
  7 ball pythons
  5 bats
  A bat zombie (D:3)
  5 endoplasms
  4 giant cockroaches
  A goblin (D:2)
  4 hobgoblins
  10 jackals (D:5)
  16 kobolds
  4 frilled lizards
  4 rats
  3 rat zombies (D:3)
  A spectral orc (D:4)
157 creatures vanquished.

Notes
Turn   | Place    | Note
-------+----------+-------------------------------------------
     0 | D:1      | qw the Naga Hunter began the quest for the Orb.
     0 | D:1      | Reached XP level 1. HP: 19/19 MP: 1/1
     0 | D:1      | 0 ||| qw: Version: 0.3-a-9-g12657ce
     0 | D:1      | 0 ||| qw: Game counter: 1284
     0 | D:1      | 0 ||| qw: Always use a shield: true
     0 | D:1      | 0 ||| qw: God list: Okawaru
     0 | D:1      | 0 ||| qw: Allow faded altars: false
     0 | D:1      | 0 ||| qw: Do Orc after D:15 true
     0 | D:1      | 0 ||| qw: Do second Lair branch before Depths: true
     0 | D:1      | 0 ||| qw: Lair rune preference: random
     0 | D:1      | 0 ||| qw: Plans: Normal
     0 | D:1      | 0 ||| PLANNING D:1-11
     7 | D:1      | 7 ||| INVOKING Spit Poison.
    72 | D:1      | 72 ||| INVOKING Spit Poison.
   112 | D:1      | 112 ||| INVOKING Spit Poison.
   171 | D:1      | 171 ||| INVOKING Spit Poison.
   247 | D:1      | Reached skill level 4 in Ranged Weapons
   247 | D:1      | Reached XP level 2. HP: 26/26 MP: 2/2
   708 | D:1      | 708 ||| READING scroll labelled BOLAZIG XUEL.
   709 | D:1      | 709 ||| READING 2 scrolls labelled KEPROE JAFU.
   710 | D:1      | 710 ||| READING 2 scrolls labelled LUONEFR YRUODI.
   711 | D:1      | 711 ||| READING scroll labelled RIUMNY GUTUS.
   716 | D:1      | 716 ||| DROPPING scroll of butterflies.
   717 | D:1      | 717 ||| DROPPING scroll of fog.
   760 | D:2      | 760 ||| INVOKING Spit Poison.
   768 | D:2      | 768 ||| INVOKING Spit Poison.
   770 | D:2      | Reached XP level 3. HP: 32/32 MP: 3/3
   791 | D:2      | 791 ||| INVOKING Spit Poison.
   798 | D:2      | 798 ||| INVOKING Spit Poison.
   806 | D:2      | 806 ||| INVOKING Spit Poison.
   824 | D:2      | 824 ||| INVOKING Spit Poison.
   868 | D:2      | 868 ||| INVOKING Spit Poison.
   884 | D:2      | Identified the +8 mace of Suull {protect, Dex+3}
   908 | D:2      | 908 ||| INVOKING Spit Poison.
   980 | D:2      | Found a burning altar of Makhleb.
   997 | D:2      | 997 ||| INVOKING Spit Poison.
  1033 | D:2      | 1033 ||| INVOKING Spit Poison.
  1038 | D:2      | 1038 ||| INVOKING Spit Poison.
  1046 | D:2      | Found a faded altar of an unknown god.
  1060 | D:2      | 1060 ||| INVOKING Spit Poison.
  1100 | D:2      | 1100 ||| INVOKING Spit Poison.
  1109 | D:2      | 1109 ||| INVOKING Spit Poison.
  1131 | D:2      | 1131 ||| INVOKING Spit Poison.
  1186 | D:2      | 1186 ||| INVOKING Spit Poison.
  1187 | D:2      | Reached skill level 5 in Ranged Weapons
  1187 | D:2      | Reached XP level 4. HP: 39/39 MP: 4/4
  1268 | D:2      | 1268 ||| INVOKING Spit Poison.
  1299 | D:2      | 1299 ||| INVOKING Spit Poison.
  1429 | D:2      | 1429 ||| INVOKING Spit Poison.
  1431 | D:2      | 1431 ||| READING scroll labelled OGOIRU GYP.
  1431 | D:2      | Identified a scroll of acquirement
  1431 | D:2      | 1431 ||| ACQUIRING +3 barding of Thoughtfulness {rC+ Str+7
                  | Dex+3 Stlth-}
  1431 | D:2      | Acquired the +3 barding of Thoughtfulness {rC+ Str+7 Dex+3
                  | Stlth-}
  1433 | D:2      | 1433 ||| UPGRADING to +3 barding of Thoughtfulness {rC+
                  | Str+7 Dex+3 Stlth-}.
  1438 | D:2      | 1438 ||| DRINKING 2 clear potions.
  1439 | D:2      | 1439 ||| DRINKING 2 glowing clear potions.
  1440 | D:2      | 1440 ||| READING 3 scrolls of identify.
  1440 | D:2      | 1440 ||| IDENTIFYING amethyst potion
  1441 | D:2      | 1441 ||| READING 2 scrolls of identify.
  1441 | D:2      | 1441 ||| IDENTIFYING fuming white potion
  1442 | D:2      | 1442 ||| DROPPING potion of attraction.
  1536 | D:3      | Found an ancient bone altar of Kikubaaqudgha.
  1574 | D:3      | 1574 ||| INVOKING Spit Poison.
  1578 | D:3      | 1578 ||| INVOKING Spit Poison.
  1729 | D:3      | 1729 ||| INVOKING Spit Poison.
  1746 | D:3      | 1746 ||| INVOKING Spit Poison.
  1777 | D:3      | Found a glowing silver altar of Zin.
  1939 | D:3      | 1939 ||| INVOKING Spit Poison.
  1957 | D:3      | 1957 ||| INVOKING Spit Poison.
  2035 | D:3      | Identified the +0 robe "Vaah" {Harm rElec Int+3 Slay+2}
  2110 | D:3      | 2110 ||| INVOKING Spit Poison.
  2115 | D:3      | 2115 ||| INVOKING Spit Poison.
  2121 | D:3      | 2121 ||| INVOKING Spit Poison.
  2165 | D:3      | 2165 ||| INVOKING Spit Poison.
  2346 | D:4      | 2346 ||| INVOKING Spit Poison.
  2352 | D:4      | 2352 ||| INVOKING Spit Poison.
  2356 | D:4      | HP: 4/40 [orc priest/divine providence (8)]
  2357 | D:4      | 2357 ||| READING 3 scrolls of teleportation.
  2358 | D:4      | 2358 ||| INVOKING Spit Poison.
  2359 | D:4      | Reached skill level 3 in Fighting
  2359 | D:4      | Reached XP level 5. HP: 5/49 MP: 5/5
  2598 | D:4      | 2598 ||| INVOKING Spit Poison.
  2611 | D:4      | 2611 ||| INVOKING Spit Poison.
  2625 | D:4      | 2625 ||| INVOKING Spit Poison.
  2636 | D:4      | 2636 ||| INVOKING Spit Poison.
  2660 | D:4      | 2660 ||| INVOKING Spit Poison.
  2731 | D:4      | Reached skill level 1 in Armour
  2875 | D:4      | 2875 ||| INVOKING Spit Poison.
  2879 | D:4      | 2879 ||| INVOKING Spit Poison.
  2895 | D:4      | Found a sparkling altar of Nemelex Xobeh.
  2925 | D:4      | Found an ornate altar of the Wu Jian Council.
  2985 | D:4      | 2985 ||| INVOKING Spit Poison.
  3089 | D:4      | Found a bloodstained altar of Trog.
  3089 | D:4      | Noticed a black bear
  3089 | D:4      | Noticed a black bear
  3090 | D:4      | 3090 ||| INVOKING Spit Poison.
  3097 | D:4      | 3097 ||| INVOKING Spit Poison.
  3097 | D:4      | Killed a black bear
  3098 | D:4      | Reached XP level 6. HP: 30/56 MP: 6/6
  3101 | D:4      | 3101 ||| INVOKING Spit Poison.
  3106 | D:4      | 3106 ||| INVOKING Spit Poison.
  3106 | D:4      | Killed a black bear
  3107 | D:4      | Reached skill level 6 in Ranged Weapons
  3282 | D:4      | Found a basalt altar of Yredelemnul.
  3316 | D:4      | Found a stormy altar of Qazlal.
  3316 | D:4      | Noticed a fire elemental
  3320 | D:4      | Noticed an air elemental
  3321 | D:4      | 3321 ||| INVOKING Spit Poison.
  3326 | D:4      | Noticed a water elemental
  3485 | D:4      | 3485 ||| READING 4 scrolls of identify.
  3485 | D:4      | 3485 ||| IDENTIFYING emerald potion
  3544 | D:5      | Entered Level 5 of the Dungeon
  3549 | D:5      | 3549 ||| INVOKING Spit Poison.
  3582 | D:5      | 3582 ||| INVOKING Spit Poison.
  3588 | D:5      | 3588 ||| INVOKING Spit Poison.
  3764 | D:5      | 3764 ||| INVOKING Spit Poison.
  3771 | D:5      | 3771 ||| INVOKING Spit Poison.
  3772 | D:5      | Reached XP level 7. HP: 61/64 MP: 7/7
  3841 | D:5      | Found a runed translucent gate.
  3841 | D:5      | Found a runed translucent gate.
  3841 | D:5      | Found a runed translucent gate.
  3842 | D:5      | Found an opulent altar of Gozag.
  3843 | D:5      | Noticed qw's ghost (novice GrFi)
  3843 | D:5      | Noticed a wraith
  3861 | D:5      | 3861 ||| INVOKING Spit Poison.
  3865 | D:5      | 3865 ||| INVOKING Spit Poison.
  3870 | D:5      | 3870 ||| INVOKING Spit Poison.
  3877 | D:5      | 3877 ||| INVOKING Spit Poison.
  3879 | D:5      | HP: 13/64 [gnoll/+0 spear (5)]
  3880 | D:5      | 3880 ||| READING 2 scrolls of teleportation.
  3882 | D:5      | 3882 ||| INVOKING Spit Poison.
  4056 | D:5      | 4056 ||| INVOKING Spit Poison.
  4075 | D:5      | 4075 ||| INVOKING Spit Poison.
  4078 | D:5      | 4078 ||| INVOKING Spit Poison.
  4080 | D:5      | Found a shadowy altar of Dithmenos.
  4127 | D:5      | 4127 ||| INVOKING Spit Poison.
  4199 | D:5      | 4199 ||| INVOKING Spit Poison.
  4205 | D:5      | 4205 ||| INVOKING Spit Poison.
  4209 | D:5      | 4209 ||| INVOKING Spit Poison.
  4212 | D:5      | 4212 ||| INVOKING Spit Poison.
  4215 | D:5      | 4215 ||| INVOKING Spit Poison.
  4219 | D:5      | 4219 ||| FLEEEEING.
  4220 | D:5      | 4220 ||| FLEEEEING.
  4221 | D:5      | 4221 ||| INVOKING Spit Poison.
  4225 | D:5      | 4225 ||| INVOKING Spit Poison.
  4228 | D:5      | 4228 ||| INVOKING Spit Poison.
  4235 | D:5      | 4235 ||| INVOKING Spit Poison.
  4236 | D:5      | Reached skill level 7 in Ranged Weapons
  4248 | D:5      | 4248 ||| INVOKING Spit Poison.
  4254 | D:5      | 4254 ||| INVOKING Spit Poison.
  4329 | D:5      | 4329 ||| INVOKING Spit Poison.
  4337 | D:5      | 4337 ||| INVOKING Spit Poison.
  4343 | D:5      | 4343 ||| INVOKING Spit Poison.
  4347 | D:5      | 4347 ||| INVOKING Spit Poison.
  4352 | D:5      | 4352 ||| INVOKING Spit Poison.
  4359 | D:5      | 4359 ||| INVOKING Spit Poison.
  4362 | D:5      | 4362 ||| INVOKING Spit Poison.
  4366 | D:5      | 4366 ||| INVOKING Spit Poison.
  4371 | D:5      | 4371 ||| INVOKING Spit Poison.
  4404 | D:5      | 4404 ||| INVOKING Spit Poison.
  4411 | D:5      | 4411 ||| INVOKING Spit Poison.
  4418 | D:5      | 4418 ||| INVOKING Spit Poison.
  4424 | D:5      | 4424 ||| INVOKING Spit Poison.
  4433 | D:5      | 4433 ||| INVOKING Spit Poison.
  4438 | D:5      | 4438 ||| INVOKING Spit Poison.
  4439 | D:5      | Reached XP level 8. HP: 64/72 MP: 8/8
  4454 | D:5      | 4454 ||| INVOKING Spit Poison.
  4461 | D:5      | 4461 ||| INVOKING Spit Poison.
  4467 | D:5      | 4467 ||| INVOKING Spit Poison.
  4468 | D:5      | 4468 ||| READING scroll labelled VEXZEM HEACE.
  4470 | D:5      | 4470 ||| INVOKING Spit Poison.
  4546 | D:5      | 4546 ||| INVOKING Spit Poison.
  4601 | D:5      | 4601 ||| INVOKING Spit Poison.
  4613 | D:5      | 4613 ||| INVOKING Spit Poison.
  4620 | D:5      | 4620 ||| INVOKING Spit Poison.
  4655 | D:5      | 4655 ||| INVOKING Spit Poison.
  4660 | D:5      | 4660 ||| INVOKING Spit Poison.
  4664 | D:5      | Reached skill level 8 in Ranged Weapons
  4665 | D:5      | 4665 ||| INVOKING Spit Poison.
  4671 | D:5      | 4671 ||| INVOKING Spit Poison.
  4690 | D:5      | 4690 ||| INVOKING Spit Poison.
  4694 | D:5      | 4694 ||| INVOKING Spit Poison.
  4699 | D:5      | 4699 ||| INVOKING Spit Poison.
  4704 | D:5      | 4704 ||| INVOKING Spit Poison.
  4738 | D:5      | 4738 ||| INVOKING Spit Poison.
  4742 | D:5      | 4742 ||| INVOKING Spit Poison.
  4745 | D:5      | 4745 ||| INVOKING Spit Poison.
  4752 | D:5      | 4752 ||| INVOKING Spit Poison.
  4770 | D:5      | 4770 ||| INVOKING Spit Poison.
  4777 | D:5      | 4777 ||| INVOKING Spit Poison.
  4782 | D:5      | 4782 ||| INVOKING Spit Poison.
  4908 | D:5      | 4908 ||| INVOKING Spit Poison.
  4929 | D:5      | 4929 ||| INVOKING Spit Poison.
  5075 | D:5      | 5075 ||| INVOKING Spit Poison.
  5078 | D:5      | 5078 ||| INVOKING Spit Poison.
  5079 | D:5      | 5079 ||| UPGRADING to +2 robe of willpower.
  5089 | D:5      | 5089 ||| DROPPING +0 leather armour.
  5090 | D:5      | 5090 ||| UPGRADING to +0 cloak.
  5095 | D:5      | 5095 ||| READING scroll labelled FOSYCY POERO.
  5096 | D:5      | 5096 ||| READING scroll labelled QINONA WOIJENYPH.
  5097 | D:5      | 5097 ||| DRINKING 2 fuming sapphire potions.
  5098 | D:5      | 5098 ||| READING 6 scrolls of identify.
  5098 | D:5      | 5098 ||| IDENTIFYING fizzy ruby potion
  5099 | D:5      | 5099 ||| READING 5 scrolls of identify.
  5099 | D:5      | 5099 ||| IDENTIFYING bubbling sapphire potion
  5101 | D:5      | 5101 ||| DROPPING potion of magic.
  5104 | D:5      | 5104 ||| INVOKING Spit Poison.
  5109 | D:5      | 5109 ||| INVOKING Spit Poison.
  5439 | D:5      | 5439 ||| INVOKING Spit Poison.
  6002 | D:5      | 6002 ||| Stepping randomly (stuck).
  6084 | D:6      | 6084 ||| INVOKING Spit Poison.
  6100 | D:6      | 6100 ||| INVOKING Spit Poison.
  6105 | D:6      | 6105 ||| INVOKING Spit Poison.
  6110 | D:6      | 6110 ||| INVOKING Spit Poison.
  6114 | D:6      | Reached skill level 3 in Dodging
  6177 | D:6      | 6177 ||| INVOKING Spit Poison.
  6183 | D:6      | 6183 ||| INVOKING Spit Poison.
  6217 | D:6      | 6217 ||| INVOKING Spit Poison.
  6224 | D:6      | 6224 ||| INVOKING Spit Poison.
  6231 | D:6      | 6231 ||| INVOKING Spit Poison.
  6252 | D:6      | 6252 ||| INVOKING Spit Poison.
  6260 | D:6      | 6260 ||| INVOKING Spit Poison.
  6298 | D:6      | 6298 ||| INVOKING Spit Poison.
  6301 | D:6      | 6301 ||| INVOKING Spit Poison.
  6306 | D:6      | 6306 ||| INVOKING Spit Poison.
  6334 | D:6      | 6334 ||| INVOKING Spit Poison.
  6336 | D:6      | 6336 ||| Stepping ~*~*~tactically~*~*~ (outnumbered).
  6338 | D:6      | 6338 ||| INVOKING Spit Poison.
  6342 | D:6      | 6342 ||| INVOKING Spit Poison.
  6344 | D:6      | 6344 ||| Stepping ~*~*~tactically~*~*~ (outnumbered).
  6345 | D:6      | 6345 ||| INVOKING Spit Poison.
  6348 | D:6      | 6348 ||| Stepping ~*~*~tactically~*~*~ (outnumbered).
  6351 | D:6      | 6351 ||| INVOKING Spit Poison.
  6354 | D:6      | 6354 ||| INVOKING Spit Poison.
  6359 | D:6      | Reached skill level 9 in Ranged Weapons
  6361 | D:6      | 6361 ||| INVOKING Spit Poison.
  6368 | D:6      | 6368 ||| INVOKING Spit Poison.
  6368 | D:6      | HP: 17/74 [phantom (6)]
  6369 | D:6      | 6369 ||| READING scroll of teleportation.
  6370 | D:6      | 6370 ||| DRINKING potion of heal wounds.
  6372 | D:6      | Reached XP level 9. HP: 47/81 MP: 9/9
  6378 | D:6      | 6378 ||| INVOKING Spit Poison.
  6547 | D:6      | 6547 ||| INVOKING Spit Poison.
  6596 | D:6      | HP: 13/79 [wight/+1 dire flail (8)]
  6597 | D:6      | Reached skill level 6 in Fighting
  6599 | D:6      | HP: 6/81 [wight/+0 short sword (8)]
  6600 | D:6      | Mangled by a wight

Levels and vault maps discovered:
D:1:      dpeg_arrival_court, layout_basic
D:2:      layout_loops_ring, shapermc_ecumenical_altar_ellora, basic_altar,
          minmay_split_cup_large
D:3:      layout_loops_corners, lemuel_zombie_altar_kikubaaqudgha, zin_treasury,
          serial_rivers, chequers_serial_rivers_large_b,
          chequers_serial_rivers_room_b, chequers_serial_rivers_room_b,
          chequers_serial_rivers_marsh, chequers_hall_statues_corner_a,
          nrook_loot_triangle, kennysheep_flooded_box
D:4:      layout_basic, trog_ov_bears_minmay, nemelex_diamond_rough_becter,
          nicolae_qazlal_style_of_elements, nicolae_wu_jian_glorious_leap,
          yredelemnul_forgotten_temple_becter
D:5:      lemuel_castle_with_subvaults [lemuel_castle_interior_carwin_1],
          layout_cave_pods, nicolae_dithmenos_through_a_glass_darkly,
          ebering_ghost_gozag, kennysheep_generic_room_11
D:6:      layout_basic, grunt_ministairs_6, minmay_gold_behind_fungi,
          dreamdust_princess_corridor

Skill      XL: |  1  2  3  4  5  6  7  8  9 |
---------------+----------------------------+-----
Ranged Weapons | 4 5 6 7 9 |  9.0
Fighting       | 3 4 5 6 |  6.1
Armour         | 1 |  1.3
Dodging        | 2 3 |  3.3
Stealth        | |  1.5

Action                     |  1- 3 |  4- 6 |  7- 9 || total
---------------------------+-------+-------+-------++-------
   Fire: Shortbow          |    31 |   119 |   309 ||   459
Ability: Spit Poison       |    20 |    34 |    89 ||   143
    Use: Scroll            |     4 |     5 |     7 ||    16
         Potion            |       |     2 |     2 ||     4
 Armour: Leather armour    |     1 |    63 |    71 ||   135
         Robe              |       |       |    76 ||    76
  Dodge: Dodged            |     4 |    35 |   134 ||   173

Table legend:
 A = Non-vault XP
 B = Vault XP
 C = Vault XP percentage of total XP
 D = Non-vault monster count
 E = Vault monster count
 F = Vault count percentage of total count
                 A         B        C        D         E       F
            +---------+---------+-------+---------+---------+-------
      Total |    1347 |    1204 |  47.2 |      88 |      69 |  43.9
            +---------+---------+-------+---------+---------+-------
        D:1 |      15 |       0 |   0.0 |       7 |       0 |   0.0
        D:2 |      65 |       9 |  12.2 |      23 |       4 |  14.8
        D:3 |      39 |       5 |  11.4 |      10 |       4 |  28.6
        D:4 |     132 |     250 |  65.4 |      13 |       3 |  18.8
        D:5 |     359 |     709 |  66.4 |      14 |      56 |  80.0
        D:6 |     737 |     231 |  23.9 |      21 |       2 |   8.7
            +---------+---------+-------+---------+---------+-------
